 Dungeon Crawl Stone Soup version 0.31.0-12-g77e489cdc1 (webtiles) character file.

Game seed: 9905480304919199786

90 sking99 the Firebug (level 4, -3/36 HPs)
             Began as a Hill Orc Fire Elementalist on Feb 23, 2024.
             Killed from afar by Terence (14 damage)
             ... with a puff of flame
             ... on level 2 of the Dungeon.
             The game lasted 00:05:00 (2567 turns).

sking99 the Firebug (Hill Orc Fire Elementalist)    Turns: 2567, Time: 00:05:00

Health: -3/36      AC:  3    Str: 12    XL:     4   Next: 56%
Magic:  1/7        EV: 12    Int: 15    God:
Gold:   208        SH:  0    Dex: 11    Spells: 1/7 levels left

rFire   . . .        (no weapon)
rCold   . . .        (no shield)
rNeg    . . .        a - +0 robe
rPois   .            (no helmet)
rElec   .            (no cloak)
rCorr   .            (no gloves)
SInv    .            g - +0 pair of boots
Will    .....        (no amulet)
Stlth   ++           (no ring)
HPRegen 0.26/turn    (no ring)
MPRegen 0.10/turn

%: no passive effects
@: no status effects
A: no striking features
a: no special abilities


You were on level 2 of the Dungeon.
You visited 1 branch of the dungeon, and saw 2 of its levels.

You collected 208 gold pieces.

Inventory:

Missiles
 k - a throwing net
Armour
 a - a +0 robe (worn)
 g - a +0 pair of boots (worn)
 m - a +0 kite shield
Scrolls
 e - a scroll of identify {unknown}
 f - a scroll of teleportation {unknown}
 i - a scroll of fog {unknown}
 n - a scroll of summoning {unknown}
Potions
 b - a potion of magic
 c - 2 potions of ambrosia {unknown}
 d - a potion of curing {unknown}
 h - a potion of berserk rage {unknown}
 j - a potion of attraction {unknown}
 l - a potion of mutation {unknown}


   Skills:
 + Level 2.0 Fighting
 - Level 1.5 Dodging
 - Level 1.5 Stealth
 + Level 2.1 Spellcasting
 + Level 2.0 Conjurations
 * Level 4.3 Fire Magic


You had one spell level left.
You knew the following spells:

 Your Spells              Type           Power      Damage    Failure   Level
a - Foxfire               Conj/Fire      44%        2x1d6     6%          1
b - Scorch                Fire           28%        2d6       5%          2
c - Volatile Blastmotes   Fire/Tloc      16%        2d11      26%         3

Your spell library contained the following spells:

 Spells                   Type           Power      Damage    Failure   Level
 Inner Flame              Hex/Fire       8%         N/A       26%         3
 Flame Wave               Conj/Fire      11%        2d6       52%         4


Dungeon Overview and Level Annotations

Branches:
Dungeon (2/15)

Altars:

Annotations:
D:2 Terence


Message History

Flames lash Terence.
Terence is heavily wounded.
Terence's fire resistance burns away.
Press: ? - help, v - describe, . - travel
Here: Terence, wielding a +0 falchion, wearing a +0 scale mail and carrying a wand of flame (heavily wounded, more vulnerable to fire)
The floor.
Casting: Scorch (safe; 5% risk of failure)
Confirm with . or Enter, or press ? or * to list all spells.
Flames lash Terence but do no damage.
Casting: Scorch (safe; 5% risk of failure)
Confirm with . or Enter, or press ? or * to list all spells.
Flames lash Terence.
Terence is burned terribly!
Terence is severely wounded.
Terence closely misses you. Terence attacks as he pursues you!
Terence closely misses you.
Casting: Scorch (safe; 5% risk of failure)
Confirm with . or Enter, or press ? or * to list all spells.
You conjure some foxfire!
Terence shouts, "Get ready for death!"
Terence zaps a wand.
The puff of flame hits you!
The foxfire hits Terence but does no damage.
Terence is severely wounded.
The foxfire hits Terence.
Terence is severely wounded.
Terence zaps a wand.
The puff of flame hits you!
Terence zaps a wand.
The puff of flame hits you!
* * * LOW HITPOINT WARNING * * *
Terence zaps a wand.
The puff of flame misses you.
Terence zaps a wand.
The puff of flame misses you.
Casting: Foxfire (safe; 6% risk of failure)
Confirm with . or Enter, or press ? or * to list all spells.
You conjure some foxfire!
Terence is no longer more vulnerable to fire.
The foxfire hits Terence.
Terence is almost dead.
The foxfire hits Terence but does no damage.
Terence is almost dead.
Terence zaps a wand.
The puff of flame hits you!
You die...
Terence says, "Time to find some more victims."

........# ##........## #####
.###.#.## ##..........# #....
.......# #.........>.####.###
###..>## ##......@##.........
#...# ##......######..#.# #...#
##...### #..... #...#
#......######.##.# ###...######
#...........#.##.#
...........#####@#.##......#.##.#
..............)............#.....
...........####..##.#......####!#
###...###### #..##.#..)...# ...
#...# ##.......#########.# #...#
##...#..###.....<.### #...#
###....##.###.#####.# #...#
#................##.#
####.######.##..#.#..##.##.##.###


You could see Terence.

Vanquished Creatures
  Jessica (D:2)
  An adder (D:2)
  A dart slug (D:1)
  2 endoplasms
  3 giant cockroaches
  3 goblins
  5 hobgoblins
  3 jackals (D:2)
  8 kobolds
  3 quokkas
  4 ball pythons
  4 bats
  2 frilled lizards (D:2)
  7 rats
47 creatures vanquished.

Vanquished Creatures (others)
  75 foxfires
75 creatures vanquished.

Grand Total: 122 creatures vanquished

Notes
Turn   | Place    | Note
-------+----------+-------------------------------------------
     0 | D:1      | sking99 the Hill Orc Fire Elementalist began the quest for
                  | the Orb.
     0 | D:1      | Reached XP level 1. HP: 14/14 MP: 3/3
   212 | D:1      | Reached XP level 2. HP: 22/22 MP: 0/4
   459 | D:1      | Learned a level 2 spell: Scorch
   700 | D:1      | Reached skill level 1 in Fighting
   960 | D:1      | Reached XP level 3. HP: 28/28 MP: 2/5
  1178 | D:1      | Found a faded altar of an unknown god.
  1631 | D:2      | Reached skill level 4 in Fire Magic
  1793 | D:2      | Noticed Jessica
  1796 | D:2      | Killed Jessica
  1797 | D:2      | Reached XP level 4. HP: 36/36 MP: 0/7
  2538 | D:2      | Learned a level 3 spell: Volatile Blastmotes
  2543 | D:2      | Noticed Terence
  2567 | D:2      | Killed from afar by Terence

Illustrated notes

Levels and vault maps discovered:
D:1:      dpeg_arrival_stone_temple_mockup, layout_basic,
          shapermc_ecumenical_altar_mp_vishouse, dreamdust_wishing_well
D:2:      layout_loops_cross, uniq_terence, uniq_jessica

Skill      XL: |  1  2  3  4 |
---------------+-------------+-----
Fighting       | 1 2 |  2.0
Spellcasting   | 2 |  2.1
Fire Magic     | 4 |  4.3
Conjurations   | 2 |  2.0
Dodging        | |  1.5
Stealth        | |  1.5

Action                     |  1- 3 |  4- 6 || total
---------------------------+-------+-------++-------
  Melee: Unarmed           |    24 |       ||    24
   Cast: Foxfire           |    42 |     3 ||    45
         Scorch            |    19 |    14 ||    33
 Armour: Robe              |    23 |     7 ||    30
  Dodge: Dodged            |    27 |     6 ||    33
